[Event "Czech Youth U14 Girls 2024"]
[Site "Kouty nad Desnou"]
[Date "2024.03.12"]
[Round "5.9"]
[White "Archlebova, Eva"]
[Black "Strazhnyk, Viktoriia"]
[Result "0-1"]
[ECO "B23"]
[WhiteElo "1438"]
[BlackElo "1570"]
[Annotator "NA RC"]
[PlyCount "146"]
[EventDate "2024.03.10"]
[EventType "swiss"]
[EventCountry "CZE"]
[SourceTitle "playchess.com"]
[Source "ChessBase"]
[SourceQuality "1"]
[TimeControl "40/5400+30:1800+30"]

1. e4 c5 2. Nc3 e6 3. d3 Nc6 4. Nge2 d6 5. g3 Nf6 6. Bg2 Be7 7. O-O O-O 8. Bd2 Nd7 9. Nf4 Bg5 10. Nh3 Bxd2 11. Qxd2 Nb6 12. Ng5 h6 13. Nf3 e5 14. a3 f5 15. Rae1 f4 16. b3 Bg4 17. h3 Bxf3 18. Bxf3 fxg3 19. fxg3 Nd4 20. Qd1 Nxf3+ 21. Rxf3 Rxf3 22. Qxf3 Qg5 23. Nd5 Nxd5 24. exd5 Rf8 25. Qe3 Qf5 26. g4 Qf4 27. Qxf4 Rxf4 28. Re4 Kf7 29. Kg2 Kf6 30. c3 Kg5 31. Kg3 Rf1 32. b4 b6 33. bxc5 bxc5 34. d4 cxd4 35. cxd4 Ra1 36. dxe5 Rxa3+ 37. Kf2 dxe5 38. Rxe5+ Kf6 39. Rf5+ Ke7 40. g5 hxg5 41. Rxg5 Kf6 42. h4 Rh3 43. d6 Rxh4 44. Rd5 Rh8 45. Ra5 Rd8 46. Ra6 Rd7 47. Ke3 Ke5 48. Ra5+ Kxd6 49. Ra6+ Kc5 50. Ra5+ Kb4 51. Rg5 a5 52. Rg4+ Kb3 53. Rg5 Ra7 54. Kd2 a4 55. Kc1 Kc3 56. Rg3+ Kd4 57. Kb2 a3+ 58. Ka2 Ke4 59. Rg6 Kf5 60. Rb6 g5 61. Rb5+ Kg4 62. Rb4+ Kh3 63. Rb3+ Kh4 64. Rb4+ g4 65. Rc4 Kh3 66. Rc3+ g3 67. Rd3 Kh2 68. Rd2+ g2 69. Rc2 Kh1 70. Rc1+ g1=Q 71. Rxg1+ Kxg1 72. Kb1 a2+ 73. Ka1 Kh2 0-1

[Event "Czech Youth U14 Girls 2024"]
[Site "Kouty nad Desnou"]
[Date "2024.03.12"]
[Round "5.10"]
[White "Archlebova, Iva"]
[Black "Spetlova, Stella"]
[Result "0-1"]
[ECO "B10"]
[WhiteElo "1488"]
[BlackElo "1405"]
[Annotator "NA RC"]
[PlyCount "98"]
[EventDate "2024.03.10"]
[EventType "swiss"]
[EventCountry "CZE"]
[SourceTitle "playchess.com"]
[Source "ChessBase"]
[SourceQuality "1"]
[TimeControl "40/5400+30:1800+30"]

1. e4 c6 2. d3 d5 3. Nd2 d4 4. Ngf3 c5 5. g3 Bg4 6. Bg2 Nc6 7. O-O Qc7 8. Nb3 e5 9. Qe2 Bd6 10. Bd2 h6 11. c3 Nf6 12. Rac1 Qb6 13. Ra1 O-O 14. Qe1 Rfe8 15. cxd4 cxd4 16. Qe2 a6 17. Bc1 Rac8 18. Nbd2 Qc7 19. Nc4 Be7 20. a3 b5 21. Ncd2 Bd6 22. b4 a5 23. Bb2 axb4 24. Rfc1 bxa3 25. Bxa3 Bxa3 26. Rxa3 Qb6 27. Rb3 Na5 28. Rxc8 Rxc8 29. Rb4 Rc2 30. Qe1 Qc5 31. Rb1 b4 32. h3 Bxf3 33. Bxf3 Qc3 34. Rd1 b3 35. Nb1 Qxe1+ 36. Rxe1 b2 37. Na3 Rc1 38. Kf1 Rc3 39. Nb1 Rxd3 40. Be2 Rb3 41. Nd2 Ra3 42. f3 Ra1 43. Bd3 Ra3 44. Be2 Nb3 45. Nc4 Ra2 46. Bd1 b1=Q 47. Bxb3 Qxb3 48. Nxe5 Qb2 49. Nd3 Qg2# 0-1

[Event "Czech Youth U14 Girls 2024"]
[Site "Kouty nad Desnou"]
[Date "2024.03.12"]
[Round "5.11"]
[White "Martinkovicova, Nela"]
[Black "Peskova, Sara"]
[Result "1/2-1/2"]
[ECO "A22"]
[WhiteElo "1476"]
[BlackElo "1481"]
[Annotator "NA RC"]
[PlyCount "95"]
[EventDate "2024.03.10"]
[EventType "swiss"]
[EventCountry "CZE"]
[SourceTitle "playchess.com"]
[Source "ChessBase"]
[SourceQuality "1"]
[TimeControl "40/5400+30:1800+30"]

1. c4 e5 2. Nc3 Nf6 3. g3 d5 4. cxd5 Nxd5 5. Bg2 Be6 6. d3 Bb4 7. Bd2 O-O 8. Nxd5 Bxd2+ 9. Qxd2 Bxd5 10. Bxd5 Qxd5 11. e4 Qd6 12. Nf3 Nc6 13. O-O Rad8 14. Rad1 f5 15. Kg2 fxe4 16. dxe4 Qxd2 17. Rxd2 Rxd2 18. Nxd2 Rf6 19. Nc4 b5 20. Ne3 Nb4 21. Ng4 Rd6 22. a3 Nd3 23. b4 Ra6 24. Ra1 h5 25. Ne3 Nxb4 26. Rb1 Na2 27. Rxb5 Nc3 28. Rxe5 g6 29. f3 Rxa3 30. Re8+ Kf7 31. Rc8 Nb5 32. Nd5 a5 33. Rb8 Nd4 34. f4 Ra1 35. Nxc7 a4 36. Ra8 Nc2 37. Nd5 a3 38. Nc3 Ne3+ 39. Kf3 Nc4 40. Ke2 Rh1 41. Kd3 Nb2+ 42. Kd4 Rxh2 43. Rxa3 Rd2+ 44. Kc5 Rd3 45. Nb5 Rxa3 46. Nxa3 Ke6 47. Kd4 Nd1 48. Nc2 1/2-1/2

[Event "Czech Youth U14 Girls 2024"]
[Site "Kouty nad Desnou"]
[Date "2024.03.12"]
[Round "5.12"]
[White "Kavanova, Valentyna"]
[Black "Myronova, Sofia"]
[Result "1-0"]
[ECO "D30"]
[WhiteElo "1539"]
[BlackElo "1456"]
[Annotator "NA RC"]
[PlyCount "137"]
[EventDate "2024.03.10"]
[EventType "swiss"]
[EventCountry "CZE"]
[SourceTitle "playchess.com"]
[Source "ChessBase"]
[SourceQuality "1"]
[TimeControl "40/5400+30:1800+30"]

1. d4 d5 2. c4 e6 3. Nf3 c6 4. Nc3 Nd7 5. Bf4 Ngf6 6. e3 dxc4 7. Bxc4 b5 8. Bd3 Bb7 9. O-O Be7 10. Re1 O-O 11. Bc2 a6 12. Qd3 c5 13. b3 Bxf3 14. gxf3 cxd4 15. exd4 g6 16. Bh6 Re8 17. Kh1 Nh5 18. Qe3 Bh4 19. Ne4 Ndf6 20. Rg1 Nd5 21. Qd2 a5 22. Bg5 Bxg5 23. Rxg5 Nhf4 24. Rg4 f5 25. Rxf4 Nxf4 26. Qxf4 fxe4 27. Bxe4 Qxd4 28. Rg1 Rad8 29. Qg3 Qg7 30. Bc6 Rf8 31. Bxb5 Qf6 32. Bc4 Qxf3+ 33. Qxf3 Rxf3 34. Bxe6+ Kg7 35. Kg2 Rf6 36. Bc4 Rd2 37. a4 Rfxf2+ 38. Kg3 Rxh2 39. Rf1 Rdg2+ 40. Kf3 Rg5 41. Ke3 Rf5 42. Rb1 h5 43. Rd1 h4 44. Rd7+ Kh6 45. Ra7 h3 46. Bb5 Rh1 47. Rxa5 Rg1 48. Ra8 Rg3+ 49. Ke2 Rxb3 50. Bd3 Re5+ 51. Kd2 Rh5 52. Be4 h2 53. a5 Rbh3 54. Bh1 Rg3 55. a6 Rg1 56. a7 Rxh1 57. Rh8+ Kg5 58. Rxh5+ Kxh5 59. a8=Q Rg1 60. Qh8+ Kg5 61. Qxh2 Rg4 62. Ke3 Kf6 63. Qf2+ Kg5 64. Qf3 Rb4 65. Qd5+ Kh6 66. Qd6 Ra4 67. Kf3 Rc4 68. Qd3 Rb4 69. Qd2+ 1-0

[Event "Czech Youth U14 Girls 2024"]
[Site "Kouty nad Desnou"]
[Date "2024.03.12"]
[Round "5.13"]
[White "Vaclavkova, Klara"]
[Black "Sochorova, Valentyna"]
[Result "0-1"]
[ECO "D34"]
[WhiteElo "1486"]
[BlackElo "1485"]
[Annotator "NA RC"]
[PlyCount "56"]
[EventDate "2024.03.10"]
[EventType "swiss"]
[EventCountry "CZE"]
[SourceTitle "playchess.com"]
[Source "ChessBase"]
[SourceQuality "1"]
[TimeControl "40/5400+30:1800+30"]

1. d4 d5 2. c4 e6 3. Nc3 c5 4. cxd5 exd5 5. Nf3 Nc6 6. g3 Nf6 7. Bg2 Be7 8. dxc5 d4 9. Nb5 Qa5+ 10. Kf1 Qxb5 11. Nxd4 Nxd4 12. Qxd4 Qxc5 13. Be3 Qxd4 14. Bxd4 O-O 15. h4 Rd8 16. e3 Nd5 17. Kg1 Be6 18. Kh2 b6 19. Rac1 Rac8 20. a3 Nf6 21. Rhd1 Ng4+ 22. Kg1 Bb3 23. Rxc8 Rxc8 24. Rd3 Rc1+ 25. Bf1 Bc4 26. Rc3 Rxf1+ 27. Kg2 Rxf2+ 28. Kh3 Be6 0-1

[Event "Czech Youth U14 Girls 2024"]
[Site "Kouty nad Desnou"]
[Date "2024.03.13"]
[Round "6.1"]
[White "Horkova, Tereza"]
[Black "Bartova, Hana"]
[Result "1-0"]
[ECO "C02"]
[WhiteElo "1845"]
[BlackElo "1667"]
[Annotator "NA RC"]
[PlyCount "59"]
[EventDate "2024.03.10"]
[EventType "swiss"]
[EventCountry "CZE"]
[SourceTitle "playchess.com"]
[Source "ChessBase"]
[SourceQuality "1"]
[TimeControl "40/5400+30:1800+30"]

1. e4 e6 2. d4 d5 3. e5 c5 4. c3 Qb6 5. Nf3 Bd7 6. Be2 cxd4 7. cxd4 Bb5 8. O-O Bxe2 9. Qxe2 Nc6 10. Rd1 {[%emt 0:01:16] C02: French: Advance Variation.} Nge7 11. Na3 Nf5 12. Nc2 Rc8 13. b3 Bb4 14. Bb2 O-O 15. g4 Nh6 16. Ng5 Rc7 17. Qd3 g6 18. Qh3 Kg7 19. Bc1 Rfc8 20. Nxe6+ fxe6 21. Bxh6+ Kg8 22. Nxb4 Nxb4 23. Rd2 $14 Rc1+ 24. Rxc1 Rxc1+ 25. Kg2 Qa6 26. Qf3 Qf1+ 27. Kg3 Qg1+ 28. Kh4 Qxh2+ 29. Kg5 Rc8 30. Qf6 1-0

[Event "Czech Youth U14 Girls 2024"]
[Site "Kouty nad Desnou"]
[Date "2024.03.13"]
[Round "6.2"]
[White "Slivova, Linda"]
[Black "Kozusnikova, Daniela"]
[Result "1-0"]
[ECO "D02"]
[WhiteElo "1824"]
[BlackElo "1809"]
[Annotator "NA RC"]
[PlyCount "85"]
[EventDate "2024.03.10"]
[EventType "swiss"]
[EventCountry "CZE"]
[SourceTitle "playchess.com"]
[Source "ChessBase"]
[SourceQuality "1"]
[TimeControl "40/5400+30:1800+30"]

1. d4 d5 2. Nf3 Nf6 3. Bf4 Bg4 4. e3 e6 5. Nbd2 Be7 6. c3 Nbd7 7. Qb3 Rb8 8. Rc1 Nh5 9. Bd3 Nxf4 10. exf4 c6 11. Ne5 Bh5 12. O-O f6 13. Nef3 O-O 14. Rfe1 Bf7 15. Qc2 g6 $14 16. b4 Bd6 17. g3 b5 18. a4 Re8 19. a5 a6 20. Nb3 e5 21. fxe5 fxe5 22. Bf1 e4 23. Nh4 Qf6 24. Ng2 Nf8 25. Ne3 Ne6 26. Ng4 Qe7 27. Bg2 Qd8 28. f3 exf3 29. Bxf3 Ng5 30. Bg2 Kg7 31. Rxe8 Qxe8 32. Qf2 Qd8 33. Re1 Be6 34. Ne5 Qc7 35. Nf3 Rf8 36. Nxg5 Rxf2 37. Nxe6+ Kf7 38. Nxc7 Rb2 39. Nc5 Bxc7 40. Nxa6 Bd6 41. Nc5 Bxc5 42. dxc5 Rc2 43. Ra1 1-0

[Event "Czech Youth U14 Girls 2024"]
[Site "Kouty nad Desnou"]
[Date "2024.03.13"]
[Round "6.3"]
[White "Kammova, Katerina"]
[Black "Kubatova, Beta"]
[Result "1-0"]
[ECO "B12"]
[WhiteElo "1781"]
[BlackElo "1666"]
[Annotator "NA RC"]
[PlyCount "123"]
[EventDate "2024.03.10"]
[EventType "swiss"]
[EventCountry "CZE"]
[SourceTitle "playchess.com"]
[Source "ChessBase"]
[SourceQuality "1"]
[TimeControl "40/5400+30:1800+30"]

1. e4 c6 2. d4 d5 3. e5 Bf5 4. c4 e6 5. Nc3 Ne7 6. a3 a6 7. Be2 Nd7 8. c5 Bg6 9. h4 h6 10. Nf3 Nc8 11. h5 Bh7 12. O-O Be7 13. Bd3 Bxd3 14. Qxd3 O-O 15. Bd2 b6 16. b4 b5 17. Rfe1 Re8 18. Ne2 Nf8 19. Nf4 Nh7 20. Nh3 Ra7 21. Kf1 Bg5 22. Ke2 Bxd2 23. Qxd2 f5 24. Kd1 a5 25. Kc2 axb4 26. axb4 Ree7 27. Kb2 Qe8 28. Nf4 Ra4 29. Rxa4 bxa4 30. Ra1 Ra7 31. Qd1 Ng5 32. Nd2 Qd7 33. f3 Ne7 34. Rxa4 Rxa4 35. Qxa4 Kf7 36. Nb3 Nh7 37. Na5 Nf8 38. Kc3 g5 39. hxg6+ Nfxg6 40. Nxg6 Kxg6 41. Nb3 Qb7 42. Qa5 Qb8 43. Qb6 Qc8 44. Na5 h5 45. Qb7 Qe8 46. b5 cxb5 47. c6 b4+ 48. Kb2 Nc8 49. Qd7 Qg8 50. c7 Kh6 51. g3 f4 52. Qd8 Kh7 53. g4 hxg4 54. Qh4+ Kg7 55. Qxg4+ Kh7 56. Qxf4 Qg2+ 57. Kb3 Qg7 58. Qh4+ Kg8 59. Qd8+ Qf8 60. Nc6 Kg7 61. Qd7+ Kh8 62. Qxe6 1-0

[Event "Czech Youth U14 Girls 2024"]
[Site "Kouty nad Desnou"]
[Date "2024.03.13"]
[Round "6.4"]
[White "Bouchalova, Kveta"]
[Black "Nova, Doubravka Anezka"]
[Result "1/2-1/2"]
[ECO "C42"]
[WhiteElo "1627"]
[BlackElo "1718"]
[Annotator "NA"]
[PlyCount "61"]
[EventDate "2024.03.10"]
[EventType "swiss"]
[EventCountry "CZE"]
[SourceTitle "playchess.com"]
[Source "ChessBase"]
[SourceQuality "1"]
[TimeControl "40/5400+30:1800+30"]

1. e4 e5 2. Nf3 Nf6 3. Nxe5 d6 4. Nf3 Nxe4 5. d4 d5 6. Bd3 Nc6 7. Nbd2 Nf6 8. c3 Bd6 9. O-O O-O 10. Re1 Re8 11. h3 Ne7 12. Ne5 Bf5 13. Ndf3 Bxd3 14. Nxd3 Ng6 15. Nfe5 c6 16. Nxg6 hxg6 17. Bf4 Ne4 18. Bxd6 Qxd6 19. Qg4 Re7 20. f3 Nf6 21. Qf4 Qxf4 22. Nxf4 Rae8 23. Kf2 Kf8 24. Rxe7 Rxe7 25. Nd3 Nd7 26. Re1 Rxe1 27. Kxe1 Ke7 28. Kf2 Kd6 29. Ke3 b6 30. f4 f6 31. g4 1/2-1/2

[Event "Czech Youth U14 Girls 2024"]
[Site "Kouty nad Desnou"]
[Date "2024.03.13"]
[Round "6.5"]
[White "Barteckova, Nikol"]
[Black "Strazhnyk, Viktoriia"]
[Result "1-0"]
[ECO "C02"]
[WhiteElo "1612"]
[BlackElo "1570"]
[Annotator "NA"]
[PlyCount "57"]
[EventDate "2024.03.10"]
[EventType "swiss"]
[EventCountry "CZE"]
[SourceTitle "playchess.com"]
[Source "ChessBase"]
[SourceQuality "1"]
[TimeControl "40/5400+30:1800+30"]

1. e4 e6 2. d4 d5 3. e5 c5 4. c3 Nc6 5. Nf3 Qb6 6. Bd3 cxd4 7. O-O dxc3 8. Nxc3 Bd7 9. Re1 Bc5 10. Na4 Qa5 11. Nxc5 Qxc5 12. a3 Nge7 13. h4 Nd4 14. Be3 Nxf3+ 15. Qxf3 Qc7 16. Qg3 O-O 17. h5 g6 18. Bg5 f6 19. Bxf6 Rxf6 20. exf6 Qxg3 21. fxg3 Nf5 22. g4 Nh6 23. hxg6 hxg6 24. g5 Nf7 25. Rac1 Nxg5 26. Rc7 Bc6 27. Re5 Ne4 28. Bxe4 dxe4 29. Rxe6 1-0

[Event "Czech Youth U14 Girls 2024"]
[Site "Kouty nad Desnou"]
[Date "2024.03.13"]
[Round "6.6"]
[White "Kubatova, Ema"]
[Black "Mojzisova, Barbora"]
[Result "1/2-1/2"]
[ECO "D52"]
[WhiteElo "1580"]
[BlackElo "1623"]
[Annotator "NA"]
[PlyCount "71"]
[EventDate "2024.03.10"]
[EventType "swiss"]
[EventCountry "CZE"]
[SourceTitle "playchess.com"]
[Source "ChessBase"]
[SourceQuality "1"]
[TimeControl "40/5400+30:1800+30"]

1. d4 d5 2. c4 e6 3. Nc3 Nf6 4. Bg5 Nbd7 5. e3 c6 6. Nf3 Qa5 7. Bxf6 Nxf6 8. Qa4 Qxa4 9. Nxa4 Bb4+ 10. Nc3 O-O 11. Bd3 Re8 12. O-O Bd6 13. Rfd1 b6 14. cxd5 exd5 15. h3 Bb7 16. Rac1 Rac8 17. Rc2 g6 18. Rdc1 Kf8 19. a3 Ng8 20. Na2 Ne7 21. Nb4 a5 22. Na2 Kg7 23. Nc3 b5 24. Ne2 f6 25. Ra1 Ra8 26. b3 Kf7 27. a4 b4 28. Kf1 Kg7 29. Rac1 Rac8 30. Kg1 Kf7 31. Ne1 f5 32. Nf3 Kg7 33. Ne5 Red8 34. Nf4 Kf6 35. Nf3 Re8 36. Ne2 1/2-1/2

[Event "Czech Youth U14 Girls 2024"]
[Site "Kouty nad Desnou"]
[Date "2024.03.13"]
[Round "6.7"]
[White "Barteckova, Valerie"]
[Black "Spetlova, Stella"]
[Result "1-0"]
[ECO "A40"]
[WhiteElo "1687"]
[BlackElo "1405"]
[Annotator "NA RC"]
[PlyCount "57"]
[EventDate "2024.03.10"]
[EventType "swiss"]
[EventCountry "CZE"]
[SourceTitle "playchess.com"]
[Source "ChessBase"]
[SourceQuality "1"]
[TimeControl "40/5400+30:1800+30"]

1. d4 c6 2. Nf3 d5 3. e3 Bf5 4. c4 dxc4 5. Bxc4 e6 6. Nc3 Nd7 7. O-O Nb6 8. Bb3 Qc7 9. Qe2 Bd6 10. e4 Bg4 11. h3 Bxf3 12. Qxf3 e5 13. d5 c5 14. Be3 a6 15. Rac1 Nf6 16. h4 h6 17. Rfe1 Nbd7 18. Ne2 b5 19. Ng3 c4 20. Nf5 Rg8 21. a3 Nc5 22. Nxd6+ Qxd6 23. Bxc5 Qxc5 24. Ba2 Rc8 25. Qf5 Qc7 26. Red1 Rd8 27. d6 Rxd6 28. Qxe5+ Qe7 29. Qxd6 1-0

[Event "Czech Youth U14 Girls 2024"]
[Site "Kouty nad Desnou"]
[Date "2024.03.13"]
[Round "6.8"]
[White "Nguyen Nhat, Minh Thu"]
[Black "Krisicova, Neli"]
[Result "1-0"]
[ECO "C50"]
[WhiteElo "1563"]
[BlackElo "1556"]
[Annotator "NA RC"]
[PlyCount "69"]
[EventDate "2024.03.10"]
[EventType "swiss"]
[EventCountry "CZE"]
[SourceTitle "playchess.com"]
[Source "ChessBase"]
[SourceQuality "1"]
[TimeControl "40/5400+30:1800+30"]

1. e4 e5 2. Nf3 Nc6 3. Bc4 Nf6 4. d3 Bc5 5. c3 Bb6 6. b4 a6 7. Nbd2 d6 8. h3 Be6 9. Bxe6 fxe6 10. Qb3 Qd7 11. O-O Nh5 12. Ng5 Nd8 13. Nc4 Ba7 14. Qd1 Nf6 15. Nf3 O-O 16. Bg5 Nc6 17. a3 Rae8 18. Bxf6 Rxf6 19. d4 exd4 20. cxd4 Rf4 21. Qd3 b5 22. Ncd2 d5 23. g3 Rf7 24. Ng5 Rf6 25. exd5 Qxd5 26. Qxh7+ Kf8 27. Qh8+ Ke7 28. Qxg7+ Kd8 29. Qxf6+ Kc8 30. Qf3 Qxg5 31. Qxc6 Bxd4 32. Qxe8+ Kb7 33. Ne4 Qf5 34. Nc5+ Ka7 35. Qc6 1-0

[Event "Czech Youth U14 Girls 2024"]
[Site "Kouty nad Desnou"]
[Date "2024.03.13"]
[Round "6.9"]
[White "Hladka, Leontyna"]
[Black "Kratka, Tereza"]
[Result "1-0"]
[ECO "B54"]
[WhiteElo "1683"]
[BlackElo "1477"]
[Annotator "NA RC"]
[PlyCount "75"]
[EventDate "2024.03.10"]
[EventType "swiss"]
[EventCountry "CZE"]
[SourceTitle "playchess.com"]
[Source "ChessBase"]
[SourceQuality "1"]
[TimeControl "40/5400+30:1800+30"]

1. e4 c5 2. Nf3 d6 3. d4 cxd4 4. Nxd4 Nc6 5. Bb5 Bd7 6. Bxc6 Bxc6 7. Nc3 Nf6 8. Qd3 g6 9. O-O Bg7 10. f3 O-O 11. Be3 Qd7 12. Kh1 a6 13. a4 Rac8 14. Rfd1 h5 15. h4 Qc7 16. Rac1 Rfd8 17. Nxc6 Qxc6 18. Bd4 Re8 19. a5 Nd7 20. Bxg7 Kxg7 21. Qd4+ Nf6 22. Nd5 Qc5 23. Nxf6 exf6 24. Qxc5 Rxc5 25. Rxd6 Rxa5 26. Rb6 Re7 27. Rd1 Rae5 28. Rd5 R5e6 29. Rb4 Re5 30. c4 Rc7 31. b3 a5 32. Rbb5 Rxd5 33. exd5 Kf8 34. Rxa5 Ke7 35. c5 Kd7 36. b4 g5 37. hxg5 fxg5 38. Ra8 1-0

[Event "Czech Youth U14 Girls 2024"]
[Site "Kouty nad Desnou"]
[Date "2024.03.13"]
[Round "6.10"]
[White "Peskova, Sara"]
[Black "Kavanova, Valentyna"]
[Result "0-1"]
[ECO "B72"]
[WhiteElo "1481"]
[BlackElo "1539"]
[Annotator "NA RC"]
[PlyCount "112"]
[EventDate "2024.03.10"]
[EventType "swiss"]
[EventCountry "CZE"]
[SourceTitle "playchess.com"]
[Source "ChessBase"]
[SourceQuality "1"]
[TimeControl "40/5400+30:1800+30"]

1. e4 c5 2. Nf3 d6 3. d4 cxd4 4. Nxd4 Nf6 5. Nc3 g6 6. Be3 Bg7 7. Bc4 O-O 8. O-O Nc6 9. h3 Nxe4 10. Bxf7+ Rxf7 11. Nxe4 Nxd4 12. Bxd4 e5 13. Bc5 Bxh3 14. Bxd6 Bf5 15. Re1 Rd7 16. Qd5+ Kh8 17. Rad1 Bxe4 18. Rxe4 Qb6 19. Rxe5 Rxd6 20. Qxd6 Qxd6 21. Rxd6 Bxe5 22. Rd7 b6 23. c3 h5 24. f3 Bg7 25. Kh2 Kh7 26. Kh3 Kh6 27. f4 a5 28. Rd6 b5 29. f5 b4 30. Rxg6+ Kh7 31. Rg5 bxc3 32. Rxh5+ Kg8 33. bxc3 Bxc3 34. Rg5+ Kf7 35. Kg4 Rd8 36. Rh5 Rd2 37. Rh3 Rxg2+ 38. Rg3 Rxg3+ 39. Kxg3 Ke7 40. Kf3 Kd6 41. Ke4 Kc5 42. Kd3 Bf6 43. Ke4 Kb4 44. Kd5 a4 45. Kc6 Ka3 46. Kb5 Bd8 47. Kc4 Kxa2 48. Kc3 a3 49. Kc2 Ka1 50. Kb3 a2 51. Kc2 Bf6 52. Kc1 Be5 53. Kc2 Bb2 54. f6 Bxf6 55. Kc1 Bh8 56. Kc2 Bb2 0-1

[Event "Czech Youth U14 Girls 2024"]
[Site "Kouty nad Desnou"]
[Date "2024.03.13"]
[Round "6.11"]
[White "Martinkovicova, Nela"]
[Black "Sochorova, Valentyna"]
[Result "1-0"]
[ECO "C02"]
[WhiteElo "1476"]
[BlackElo "1485"]
[Annotator "NA RC"]
[PlyCount "36"]
[EventDate "2024.03.10"]
[EventType "swiss"]
[EventCountry "CZE"]
[SourceTitle "playchess.com"]
[Source "ChessBase"]
[SourceQuality "1"]
[TimeControl "40/5400+30:1800+30"]

1. e4 e6 2. d4 d5 3. e5 c5 4. c3 Nc6 5. Bb5 Qb6 6. Bxc6+ bxc6 7. Ne2 cxd4 8. cxd4 Ba6 9. Nbc3 Ne7 10. f4 Nf5 11. g4 Nh4 12. O-O c5 13. Be3 Qxb2 14. Qa4+ Kd8 15. Rab1 Bb5 16. Qa5+ Kc8 17. Rxb2 Bc6 18. Qa6+ Kd7 1-0

[Event "Czech Youth U14 Girls 2024"]
[Site "Kouty nad Desnou"]
[Date "2024.03.13"]
[Round "6.12"]
[White "Myronova, Sofia"]
[Black "Archlebova, Eva"]
[Result "1/2-1/2"]
[ECO "C48"]
[WhiteElo "1456"]
[BlackElo "1438"]
[Annotator "NA RC"]
[PlyCount "65"]
[EventDate "2024.03.10"]
[EventType "swiss"]
[EventCountry "CZE"]
[SourceTitle "playchess.com"]
[Source "ChessBase"]
[SourceQuality "1"]
[TimeControl "40/5400+30:1800+30"]

1. e4 e5 2. Nf3 Nc6 3. Nc3 Nf6 4. Bb5 d6 5. h3 Bd7 6. d3 a6 7. Ba4 Be7 8. Be3 h6 9. Qd2 Qc8 10. Nd5 Nxd5 11. exd5 Nd4 12. Bxd7+ Qxd7 13. Nxd4 exd4 14. Bxd4 Rg8 15. O-O-O Qf5 16. Qe3 Kd7 17. Qe4 Bg5+ 18. Kb1 Qxe4 19. dxe4 Rae8 20. f3 Bf4 21. Rd3 f6 22. g4 Rgf8 23. Rg1 g5 24. Rdd1 b6 25. c4 Be5 26. b3 Bxd4 27. Rxd4 Rh8 28. Rdd1 h5 29. Kc2 hxg4 30. hxg4 Rh2+ 31. Kc3 Rxa2 32. Ra1 Rf2 33. Rgf1 1/2-1/2

[Event "Czech Youth U14 Girls 2024"]
[Site "Kouty nad Desnou"]
[Date "2024.03.13"]
[Round "6.14"]
[White "Pruskova, Justyna"]
[Black "Vaclavkova, Klara"]
[Result "1/2-1/2"]
[ECO "C55"]
[WhiteElo "1471"]
[BlackElo "1486"]
[Annotator "NA RC"]
[PlyCount "74"]
[EventDate "2024.03.10"]
[EventType "swiss"]
[EventCountry "CZE"]
[SourceTitle "playchess.com"]
[Source "ChessBase"]
[SourceQuality "1"]
[TimeControl "40/5400+30:1800+30"]

1. e4 e5 2. Nf3 Nc6 3. Bc4 Nf6 4. d4 exd4 5. e5 d5 6. Bb5 Ne4 7. Nxd4 Bd7 8. Bxc6 bxc6 9. O-O Bc5 10. Be3 Bb6 11. f3 Ng5 12. f4 Ne4 13. Nd2 Nxd2 14. Qxd2 O-O 15. Kh1 c5 16. Nf3 Bf5 17. c3 Rb8 18. b3 a6 19. Rac1 c4 20. Bxb6 cxb6 21. bxc4 dxc4 22. Qxd8 Rfxd8 23. Nd4 Bd3 24. Rf3 Rbc8 25. Re1 g6 26. e6 fxe6 27. Rxe6 Re8 28. Rxe8+ Rxe8 29. h3 Re1+ 30. Kh2 Ra1 31. Rf2 Rc1 32. Rb2 Rxc3 33. Rxb6 Ra3 34. Rb2 c3 35. Rf2 Ra4 36. Nb3 c2 37. Nc1 Be4 1/2-1/2

[Event "Czech Youth U14 Girls 2024"]
[Site "Kouty nad Desnou"]
[Date "2024.03.14"]
[Round "7.1"]
[White "Slivova, Linda"]
[Black "Horkova, Tereza"]
[Result "1/2-1/2"]
[ECO "D02"]
[WhiteElo "1824"]
[BlackElo "1845"]
[Annotator "NA RC"]
[PlyCount "111"]
[EventDate "2024.03.10"]
[EventType "swiss"]
[EventCountry "CZE"]
[SourceTitle "playchess.com"]
[Source "ChessBase"]
[SourceQuality "1"]
[TimeControl "40/5400+30:1800+30"]

1. d4 d5 2. Bf4 Nf6 3. Nf3 e6 4. e3 c5 5. c3 Be7 6. Nbd2 O-O {[%emt 0:00:13] D02: Damenbauernspiele.} 7. Bd3 b6 8. Ne5 Bb7 9. Qf3 Nbd7 10. Qh3 g6 11. Ndf3 c4 12. Bc2 Nxe5 13. Nxe5 b5 (13... Nd7 $14 {might be stronger.}) 14. Qf3 Kg7 15. Ng4 Nxg4 16. Qxg4 b4 17. Qe2 Bd6 18. Bxd6 Qxd6 19. O-O bxc3 20. bxc3 Qa3 21. Qd2 Rab8 22. Rfb1 Bc6 23. Bd1 Rb6 24. Rxb6 axb6 25. Rb1 Ra8 26. Rxb6 Qxa2 27. Qxa2 Rxa2 28. Rb1 Ba4 29. Bxa4 Rxa4 30. g3 Kf6 31. Kg2 Kf5 32. Kf3 h5 33. h3 Ra3 34. Rc1 g5 35. g4+ hxg4+ 36. hxg4+ Kg6 37. Rc2 f5 38. Kg3 Kf6 39. f3 Ke7 40. Kg2 Kd6 (40... fxg4 $17 41. fxg4 e5) 41. gxf5 (41. Kh3 $11) 41... exf5 42. Kf2 Kc6 43. Ke2 Kb5 44. e4 fxe4 45. fxe4 dxe4 46. Ke3 Ka4 47. Kxe4 Kb3 48. Rg2 Kxc3 49. Rxg5 Kb2 $11 50. Rc5 c3 51. Kd3 c2+ 52. Kd2 c1=Q+ 53. Rxc1 Ra4 54. Rc2+ Kb1 55. Rc1+ Kb2 56. Rc2+ 1/2-1/2

[Event "Czech Youth U14 Girls 2024"]
[Site "Kouty nad Desnou"]
[Date "2024.03.14"]
[Round "7.2"]
[White "Bartova, Hana"]
[Black "Kammova, Katerina"]
[Result "0-1"]
[ECO "C54"]
[WhiteElo "1667"]
[BlackElo "1781"]
[Annotator "NA RC"]
[PlyCount "80"]
[EventDate "2024.03.10"]
[EventType "swiss"]
[EventCountry "CZE"]
[SourceTitle "playchess.com"]
[Source "ChessBase"]
[SourceQuality "1"]
[TimeControl "40/5400+30:1800+30"]

1. e4 e5 2. Nf3 Nc6 3. Bc4 Bc5 4. c3 Nf6 5. d4 exd4 6. cxd4 Bb4+ 7. Bd2 Bxd2+ 8. Nbxd2 d6 9. O-O O-O 10. a3 d5 11. exd5 Nxd5 12. Nb3 Bf5 13. Ne5 Nce7 14. Re1 h6 15. Nc5 Rb8 16. g4 Bc8 17. Qf3 c6 18. Ne4 Ng6 19. Nc3 Nxe5 20. dxe5 Nxc3 21. bxc3 Qh4 22. h3 h5 23. Re4 hxg4 24. hxg4 Be6 25. Kg2 Bxc4 26. Rxc4 f5 27. Rh1 Qe7 28. Rf4 fxg4 29. Qxg4 Qxe5 30. Re4 Qf5 31. Qe2 Qg5+ 32. Rg4 Qd5+ 33. Kg1 Rbe8 34. Rxg7+ Kxg7 35. Qg4+ Kf6 36. Qf4+ Ke7 37. Qc7+ Ke6 38. Rh6+ Rf6 39. Rxf6+ Kxf6 40. Qf4+ Kg6 0-1

[Event "Czech Youth U14 Girls 2024"]
[Site "Kouty nad Desnou"]
[Date "2024.03.14"]
[Round "7.3"]
[White "Kozusnikova, Daniela"]
[Black "Nova, Doubravka Anezka"]
[Result "1-0"]
[ECO "C43"]
[WhiteElo "1809"]
[BlackElo "1718"]
[Annotator "NA RC"]
[PlyCount "95"]
[EventDate "2024.03.10"]
[EventType "swiss"]
[EventCountry "CZE"]
[SourceTitle "playchess.com"]
[Source "ChessBase"]
[SourceQuality "1"]
[TimeControl "40/5400+30:1800+30"]

1. e4 e5 2. Nf3 Nf6 3. d4 Nxe4 4. Bd3 d5 5. Nxe5 Nd7 6. Nxd7 Bxd7 7. O-O Bd6 8. Nc3 Nxc3 9. bxc3 O-O 10. Qh5 g6 11. Qxd5 Bc6 {[%emt 0:04:10] C43: Petroff Defence: 3 d4.} 12. Qg5 Be7 13. Qg4 h5 14. Qg3 Bd6 15. Bf4 Bxf4 16. Qxf4 Qd5 17. f3 Qa5 18. c4 Rad8 19. d5 Qc5+ 20. Kh1 Bd7 21. Rab1 Bc8 22. Rb5 Qd6 23. Qxd6 Rxd6 24. Be4 f5 25. Bd3 a6 26. Rbb1 b6 27. Rfe1 Kf7 28. f4 a5 29. c5 bxc5 30. Rb5 Ba6 31. Rxc5 Bxd3 32. Rxc7+ Kf6 33. cxd3 Rxd5 34. Rc3 Rfd8 35. Rd1 Rd4 36. g3 R8d6 37. Kg2 Ke6 38. Kf3 Kf6 39. Ke3 Ke6 40. Rd2 Kf6 41. Rc4 R4d5 42. d4 Ke7 43. Rc5 Kd7 44. Rxd5 Rxd5 $18 45. Kd3 Kd6 46. Kc4 Kc6 47. a4 Kd6 48. Re2 1-0